cohdb
Replays
Latest Replays
All Replays
Popular Replays
Top Player Replays
Match Explorer
How It Works
Community
CoH3 Stats
Reddit
Sign in to upload your games and track your stats! →
Sign in with Steam
Match 24901563
Unlisted
Match 24901563
Overview
Messages
Build Orders
End
Selects Luftwaffe Battlegroup
Selects Luftwaffe Pioneer Support
Fallschirmpioneer Squad Paradrop
Construct Infanterie Kompanie
MG 42 Machine Gun Team
MG 42 Machine Gun Team
Construct Panzergrenadier Kompanie
Panzergrenadier Squad
Pak 40 Anti-tank Gun Team
Selects LG40 Recoilless Gun Paradrop
Selects Stuka Strafing Run
Medical Bunker
Panzergrenadier Squad
Construct Panzer Kompanie
Construct Panzer Kompanie
GrW 34 Mortar Team
Selects Fallschirmjäger Squad Paradrop
Panzer IV Medium Tank
Fallschirmjäger Squad Paradrop
Stuka Strafing Run
Wrathment
平淡亦可。
0
0
Comments
sign in to comment!
No comments posted yet!